 Dungeon Crawl Stone Soup version 0.31-a0-233-g139696dc86 (webtiles) character file.

Game seed: 15469385717751769577

35 Sabo the Chopper (level 3, 0/40 HPs)
             Began as a Demonspawn Gladiator on July 9, 2023.
             Succumbed to an adder's poison
             ... on level 2 of the Dungeon.
             The game lasted 00:06:27 (1538 turns).

Sabo the Chopper (Demonspawn Gladiator)             Turns: 1538, Time: 00:06:27

Health: 0/40       AC: 21    Str: 16    XL:     3   Next: 17%
Magic:  3/3        EV:  2    Int:  9    God:
Gold:   102        SH:  0    Dex: 14    Spells: 2/2 levels left

rFire   . . .        a - +0 war axe
rCold   . . .        (no shield)
rNeg    + . .        b - melded +0 leather armour
rPois   +            h - melded +1 hat
rElec   .            (cloak currently unavailable)
rCorr   .            (gloves currently unavailable)
SInv    .            (boots currently unavailable)
Will    .....        (no amulet)
Stlth   +            f - ring of positive energy
HPRegen 0.26/turn    (no ring)
MPRegen 0.08/turn

%: no passive effects
@: lethally poisoned (0 -> -7), tree-form
A: stationary, stasis, torment immunity, boosted hp, (hooves 2)
a: no special abilities


You were on level 2 of the Dungeon.
You were a tree.
You visited 1 branch of the dungeon, and saw 2 of its levels.

You collected 102 gold pieces.

Inventory:

Hand Weapons
 a - a +0 war axe (weapon)
 c - a +0 sling
Missiles
 d - 3 throwing nets (quivered)
 e - a javelin
 g - 8 poisoned darts
Armour
 b - a +0 leather armour (melded)
 h - a +1 hat (melded)
Jewellery
 f - a ring of positive energy (left branch)
 l - a ring of ice
Scrolls
 i - a scroll of immolation {unknown}
 k - a scroll of identify {unknown}


   Skills:
 + Level 2.2 Fighting
 + Level 3.4 Axes
 + Level 1.8 Throwing
 + Level 0.2 Armour
 + Level 3.0 Dodging


You had 2 spell levels left.
You didn't know any spells.
Your spell library was empty.

Dungeon Overview and Level Annotations

Branches:
Dungeon (2/15)

Altars:

Shops:
D:1 !*(


Innate Abilities, Weirdness & Mutations

You are a tree.
Your roots penetrate the ground, keeping you stationary.
You cannot be teleported.
You are immune to unholy pain and torment.
Your maximum health is greatly increased.
Your equipment is partially melded.
((You have hoof-like feet.))


Message History

You hit the adder. Your kick misses the adder.
The adder is heavily wounded.
The adder misses you. The adder bites you.
You are poisoned.
The adder poisons you!
You miss the adder.
The adder is heavily wounded.
You feel sick. The adder misses you.
You barely miss the adder. You kick the adder.
The adder is heavily wounded.
You feel sick. The adder bites you.
You are more poisoned.
The adder poisons you! The adder bites you.
You are more poisoned.
The adder poisons you!
You barely miss the adder.
The adder is heavily wounded.
You feel very sick. The adder barely misses you. The adder bites you.
You closely miss the adder.
The adder is heavily wounded.
* * * LOW HITPOINT WARNING * * *
You feel sick. The adder bites you.
* * * LOW HITPOINT WARNING * * *
You barely miss the adder.
The adder is heavily wounded.
* * * LOW HITPOINT WARNING * * *
You feel sick. The adder barely misses you. The adder bites you.
* * * LOW HITPOINT WARNING * * *
You are more poisoned.
The adder poisons you!
It was a potion of lignification.
You turn into a tree.
Your +1 hat melds into your body.
Your +0 leather armour melds into your body.
Your roots penetrate the ground.
* * * LOW HITPOINT WARNING * * *
You feel sick. The adder bites you but does no damage.
You slash the adder!
You kill the adder!
You die...

...###.#.#.#...#.#.#....
...##...................
...##.##.#.#.....#.#....
...##.##.....#..........
.........#.#.##....#.###
####...#.#...........# #
...#.....#.#.#.#.# #
...#.##.......#..#
####...#.####..#♣#.#...
...#...# #..........#
....... #.#..#!#..##
..#.... #K#.......# ..#
... # #.## #.## ..# ##
.. .# ### #. .
########## ## #
.........#


There were no monsters in sight!

Vanquished Creatures
  An adder (D:2)
  A dart slug (D:2)
  3 endoplasms (D:1)
  A giant cockroach (D:2)
  4 goblins
  2 hobgoblins (D:1)
  4 kobolds
  A quokka (D:1)
  7 ball pythons
  4 bats
  3 frilled lizards
  2 rats
33 creatures vanquished.

Notes
Turn   | Place    | Note
-------+----------+-------------------------------------------
     0 | D:1      | Sabo the Demonspawn Gladiator began the quest for the Orb.
     0 | D:1      | Reached XP level 1. HP: 16/16 MP: 1/1
   132 | D:1      | Found Lavvoy's General Store.
   259 | D:1      | Found Ryunlil's Distillery.
   405 | D:1      | Gained mutation: You have large cloven feet. [demonic
                  | ancestry]
   405 | D:1      | Reached XP level 2. HP: 22/22 MP: 2/2
  1002 | D:1      | Found Fiqiuv's Antique Weapon Boutique.
  1241 | D:2      | Gained mutation: You have hoof-like feet. [demonic
                  | ancestry]
  1241 | D:2      | Reached XP level 3. HP: 26/27 MP: 3/3
  1537 | D:2      | HP: 2/40 [poisoned by an adder]
  1538 | D:2      | Succumbed to an adder's poison

Illustrated notes

Levels and vault maps discovered:
D:1:      dpeg_arrival_concentric_ovals, layout_basic, serial_shops,
          nicolae_shop_rolling_square, nicolae_shop_crystal,
          nicolae_shop_hallway_stairs, minmay_liquid_box
D:2:      layout_basic, hangedman_decor_riveting

Skill      XL: |  1  2 |
---------------+-------+-----
Axes           | 3 |  3.4
Dodging        | 3 |  3.0
Fighting       | |  2.2
Throwing       | |  1.8
Armour         | |  0.2

Action                     || total
---------------------------++-------
  Melee: War axe           ||    73
         Kick              ||     5
         Punch             ||     2
    Use: Potion            ||     1
 Armour: Leather armour    ||    25
         Skin              ||     1
  Dodge: Dodged            ||    60

Table legend: (Time is in decaauts)
 A = Elapsed time spent in this place.
 B = Non-inter-level travel time spent in this place.
 C = Inter-level travel time spent in this place.
 D = Time resting spent in this place.
 E = Time spent auto-exploring this place.
 F = Levels seen in this place.
 G = Mean time per level.
                   A        B        C        D        E       F      G
               +--------+--------+--------+--------+--------+-----+--------+
         Total |   1562 |   1562 |      0 |    142 |      0 |   2 |  781.0 |
       Dungeon |   1562 |   1562 |      0 |    142 |      0 |   2 |  781.0 |
               +--------+--------+--------+--------+--------+-----+--------+

Top non-repeatable levels by time:
     D:1: 1215 daAuts
     D:2: 346 daAuts
